 Dungeon Crawl Stone Soup version 0.19-a0-1071-g4ed3155 (webtiles) character file.

4484 Kidiri the Thaumaturge (level 10, -1/56 HPs)
             Began as a Deep Elf Fire Elementalist on Aug 5, 2016.
             Was a Follower of Vehumet.
             Killed by nerve-wracking pain
             ... invoked by a shadow imp
              (14 damage)
             ... on level 9 of the Dungeon.
             The game lasted 00:46:01 (10784 turns).

Kidiri the Thaumaturge (DEFE)                      Turns: 10784, Time: 00:46:02

Health: -1/56      AC: 11    Str:  2    XL:     10   Next: 16%
Magic:  4/27       EV: 15    Int: 24    God:    Vehumet [*.....]
Gold:   441        SH:  0    Dex: 15    Spells: 7 memorised, 12 levels left

rFire  + . .     SeeInvis .     B - +1 short sword (venom)
rCold  + . .     Gourm    .     w - +0 robe {rF+}
rNeg   . . .     Faith    .     (no shield)
rPois  .         Spirit   .     n - +2 helmet
rElec  .         Dismiss  .     i - +1 cloak
rCorr  .         Reflect  .     k - +0 pair of gloves
SustAt .         Harm     .     e - +2 pair of boots
MR     +....                    (no amulet)
Stlth  ++........               A - -3 ring of strength (curse)
                                j - ring of protection from cold

@: lethally poisoned (-1 -> -3)
A: no striking features
a: Renounce Religion


You were on level 9 of the Dungeon.
You worshipped Vehumet.
Vehumet was aware of your devotion.
You were not hungry.

You visited 2 branches of the dungeon, and saw 10 of its levels.

You collected 441 gold pieces.

Inventory:

Hand Weapons
 f - a +5 dagger
 B - a +1 short sword of venom (weapon)
Armour
 a - a +1 robe
 e - a +2 pair of boots (worn)
 i - a +1 cloak (worn)
 k - a +0 pair of gloves (worn)
 n - a +2 helmet (worn)
 t - a +0 leather armour of positive energy
 w - a +0 robe of fire resistance (worn)
Jewellery
 j - a ring of protection from cold (left hand)
 A - a cursed -3 ring of strength (right hand)
 G - an uncursed ring of poison resistance
 K - an uncursed ring of protection from cold
Wands
 m - a wand of digging (12/24)
 p - a wand of acid (4/15)
 D - a wand of acid (13/15)
 I - a wand of polymorph (13/24)
 J - a wand of heal wounds (4/9)
Scrolls
 d - 3 scrolls of magic mapping
 l - a scroll of fear
 o - a scroll of amnesia
 r - 3 scrolls of immolation
 x - 4 scrolls of teleportation
 y - a scroll of recharging
 H - a scroll of blinking
Potions
 h - a potion of haste
 q - 5 potions of mutation {unknown}
 s - 4 potions of lignification {unknown}
 u - a potion of cure mutation
 v - 2 potions of agility
 z - a potion of brilliance
 C - 2 potions of heal wounds {unknown}
 E - a potion of cancellation
 F - 3 potions of might
 L - a potion of flight {unknown}
Books
 b - a book of Flames

   Spells                             Type                      Level
   a - Flame Tongue                   Conjuration/Fire             1
   b - Throw Flame                    Conjuration/Fire             2
   c - Conjure Flame                  Conjuration/Fire             3
   d - Inner Flame                    Hexes/Fire                   3
   e - Sticky Flame                   Conjuration/Fire             4
   f - Fireball                       Conjuration/Fire             5
 M - a book of Cantrips

   Spells                             Type                      Level
   a - Confusing Touch                Hexes                        1
   b - Animate Skeleton               Necromancy                   1
   c - Summon Small Mammal            Summoning                    1
   d - Apportation                    Translocation                1
Comestibles
 c - 9 bread rations
 g - a meat ration
 N - 2 chunks of flesh


   Skills:
 + Level 3.4 Fighting
 + Level 4.6 Short Blades
 + Level 3.2 Armour
 + Level 5.7 Dodging
 - Level 2.4 Stealth
 * Level 11.2 Spellcasting
 + Level 6.5 Conjurations
 + Level 7.3 Fire Magic


You had 12 spell levels left.
You knew the following spells:

 Your Spells              Type           Power        Failure   Level  Hunger
a - Flame Tongue          Conj/Fire      #####        1%          1    None
b - Throw Flame           Conj/Fire      #####.       1%          2    None
c - Conjure Flame         Conj/Fire      #####...     1%          3    None
d - Inner Flame           Hex/Fire       ####....     3%          3    None
e - Sticky Flame          Conj/Fire      #####...     2%          4    None
f - Fireball              Conj/Fire      #####.....   10%         5    ####...
g - Freeze                Ice            ##..         6%          1    None


Dungeon Overview and Level Annotations

Branches:
Dungeon (9/15)             Temple (1/1) D:7
   Lair: D:8-11         Orc: D:9-12

Altars:
Ashenzari
Cheibriados
Dithmenos
Elyvilon
Fedhas
Gozag
Hepliaklqana
Kikubaaqudgha
Makhleb
Nemelex Xobeh
Okawaru
Pakellas
Qazlal
Ru
Sif Muna
Trog
Uskayaw
Vehumet
Xom
Yredelemnul
Zin
The Shining One


Message History

You kill the killer bee!
Vehumet accepts your kill.
You feel sick.
Casting: Flame Tongue
Confirm with . or Enter, or press ? or * to list all spells.
Aiming: Flame Tongue
Press: ? - help, Shift-Dir - straight line, f/p - shadow imp
Aim: a shadow imp (heavily wounded)
The flame tongue hits the shadow imp.
The shadow imp appears unharmed.
The shadow imp is heavily wounded.
Casting: Flame Tongue
Confirm with . or Enter, or press ? or * to list all spells.
Aiming: Flame Tongue
Press: ? - help, Shift-Dir - straight line, f/p - shadow imp
Aim: a shadow imp (heavily wounded)
The flame tongue hits the shadow imp.
The shadow imp is almost dead.
The shadow imp gestures at you. Pain shoots through your body!
You die...

#... ...# #... 5..#
#..#####..#
#..#...#..#
#..#.<.#..#
#..#...#..#
#..##'##..#
.###########.........#
.......@§5†.....>....#
....######...........#
. #.......#####
#.......# #.......#
#.......# ...y.....#
.........#


You could see a shadow imp.

Vanquished Creatures
  Erica (D:8)
  Psyche (D:9)
  Grinder (D:3)
  Sigmund (D:4)
  The ghost of Shenda the Skirmisher, an amateur FoAK of Lugonu (D:3)
  Menkaure (D:4)
  An orc warrior (D:8)
  2 ice beasts
  A phantom (D:8)
  A black bear (D:6)
  An ogre (D:4)
  2 centaurs
  2 big kobolds
  Blork the orc (D:4)
  2 giant frogs (D:7)
  A scorpion (D:8)
  A water moccasin skeleton (D:5)
  10 killer bees
  4 wights (D:8)
  7 howler monkeys
  A crimson imp (D:7)
  2 hounds
  A jelly (D:5)
  2 orc priests
  A centaur zombie (D:6)
  A giant frog skeleton (D:8)
  2 iguanas
  Ijyb (D:2)
  3 orc wizards
  Natasha (thrice) (D:3)
  4 worker ants
  A hound zombie (D:6)
  Robin (D:3)
  A howler monkey zombie (D:5)
  8 adders
  7 gnolls
  A howler monkey skeleton (D:6)
  2 shadow imps
  An ooze (D:3)
  A worm (D:3)
  2 dart slugs (D:3)
  7 giant geckos
  30 orcs
  4 giant cockroaches
  13 goblins
  10 hobgoblins
  3 jackals (D:3)
  16 kobolds
  4 quokkas
  4 ball pythons
  5 bats
  A giant gecko skeleton (D:6)
  6 giant newts
  A quokka skeleton (D:4)
  9 rats
201 creatures vanquished.

Notes
Turn   | Place    | Note
-------+----------+-------------------------------------------
     0 | D:1      | Kidiri the Deep Elf Fire Elementalist began the quest for the Orb.
     0 | D:1      | Reached XP level 1. HP: 10/10 MP: 6/6
   811 | D:2      | Reached XP level 2. HP: 15/15 MP: 2/8
   815 | D:2      | Learned a level 2 spell: Throw Flame
  1064 | D:2      | Reached skill level 4 in Spellcasting
  1071 | D:2      | Found a bloodstained altar of Trog.
  1080 | D:2      | Found a glowing golden altar of the Shining One.
  1087 | D:2      | Found an oddly glowing altar of Pakellas.
  1087 | D:2      | Found a blossoming altar of Fedhas.
  1090 | D:2      | Found a shattered altar of Ashenzari.
  1228 | D:2      | Reached XP level 3. HP: 18/19 MP: 10/10
  1233 | D:2      | Learned a level 3 spell: Conjure Flame
  1237 | D:2      | Learned a level 3 spell: Inner Flame
  1249 | D:2      | Noticed Ijyb
  1275 | D:2      | Killed Ijyb
  1926 | D:3      | Reached XP level 4. HP: 24/24 MP: 8/12
  1969 | D:3      | Noticed Natasha
  2075 | D:3      | Killed Natasha
  2075 | D:3      | Reached skill level 5 in Spellcasting
  2115 | D:3      | Learned a level 4 spell: Sticky Flame
  2129 | D:3      | Noticed Natasha
  2135 | D:3      | Killed Natasha
  2205 | D:3      | Noticed a centaur
  2208 | D:3      | Reached XP level 5. HP: 28/28 MP: 11/14
  2212 | D:3      | Killed a centaur
  2212 | D:3      | Reached skill level 6 in Spellcasting
  2244 | D:3      | Noticed Shenda's ghost (amateur FoAK)
  2686 | D:3      | Killed Shenda's ghost
  2686 | D:3      | Reached XP level 6. HP: 24/32 MP: 0/17
  2771 | D:3      | Learned a level 5 spell: Fireball
  2814 | D:3      | Reached skill level 5 in Fire Magic
  3072 | D:3      | Noticed Natasha
  3077 | D:3      | Killed Natasha
  3077 | D:3      | Reached skill level 7 in Spellcasting
  3263 | D:3      | Noticed Grinder
  3266 | D:3      | Paralysed by Grinder for 6 turns
  3270 | D:3      | Noticed Robin
  3310 | D:3      | Killed Robin
  3377 | D:3      | Killed Grinder
  3377 | D:3      | Reached XP level 7. HP: 17/36 MP: 4/20
  3609 | D:3      | Reached skill level 8 in Spellcasting
  3875 | D:4      | Noticed Blork the orc
  3881 | D:4      | Killed Blork the orc
  4016 | D:4      | Noticed Sigmund
  4052 | D:4      | Killed Sigmund
  4052 | D:4      | Reached skill level 1 in Short Blades
  4422 | D:4      | Reached XP level 8. HP: 42/42 MP: 18/22
  4721 | D:4      | Noticed Menkaure
  4725 | D:4      | Killed Menkaure
  4725 | D:4      | Reached skill level 1 in Fighting
  4725 | D:4      | Reached skill level 1 in Armour
  5207 | D:4      | Reached skill level 9 in Spellcasting
  5523 | D:5      | Entered Level 5 of the Dungeon
  5582 | D:5      | Reached skill level 5 in Conjurations
  7307 | D:7      | Found a basalt altar of Yredelemnul.
  7474 | D:7      | Found a staircase to the Ecumenical Temple.
  7492 | Temple   | Entered the Ecumenical Temple
  7705 | Temple   | Became a worshipper of Vehumet
  8051 | D:7      | Found a white marble altar of Elyvilon.
  8236 | D:7      | Reached skill level 10 in Spellcasting
  8236 | D:7      | Reached XP level 9. HP: 48/48 MP: 18/25
  9090 | D:8      | Reached * piety under Vehumet
  9090 | D:8      | Offered knowledge of Freeze by Vehumet.
  9285 | D:8      | Noticed Erica
  9300 | D:8      | Killed Erica
  9300 | D:8      | Reached skill level 5 in Dodging
  9895 | D:8      | Reached skill level 11 in Spellcasting
 10622 | D:7      | Reached XP level 10. HP: 56/56 MP: 22/27
 10749 | D:9      | Learned a level 1 spell: Freeze
 10755 | D:9      | Noticed Psyche
 10770 | D:9      | Killed Psyche
 10784 | D:9      | Killed from afar by a shadow imp

Vault maps used:
D:1:      lemuel_arrival_broad_hall
D:2:      bloody_trog, grunt_temple_overflow_open, uniq_iyjb
D:3:      uniq_grinder, uniq_natasha, uniq_robin
D:4:      minmay_door_path, uniq_sigmund, uniq_menkaure, uniq_blork_the_orc
D:5:      first_bread
D:7:      kennysheep_ying_yang
D:8:      uniq_erica
D:9:      minmay_weird_star, grunt_lair_entry_orc_guard_hut, uniq_pikel,
          uniq_erolcha, uniq_psyche
Temple:   regret_index_temple_generic_petals

Skill      XL: |  1  2  3  4  5  6  7  8  9 |
---------------+----------------------------+-----
Spellcasting   | 4 5 6 7 8 10 11 | 11.2
Fire Magic     | 4 5 6 7 |  7.3
Conjurations   | 2 3 4 5 6 |  6.5
Short Blades   | 1 2 4 |  4.6
Dodging        | 3 4 5 |  5.7
Fighting       | 2 3 |  3.4
Armour         | 1 3 |  3.2
Stealth        | |  2.4

Action                   |  1- 3 |  4- 6 |  7- 9 | 10-12 || total
-------------------------+-------+-------+-------+-------++-------
Melee: Whip              |    22 |    13 |     9 |       ||    44
       Short sword       |       |       |    50 |     2 ||    52
       Dagger            |       |       |     9 |       ||     9
 Cast: Flame Tongue      |    42 |    75 |   216 |    19 ||   352
       Throw Flame       |     9 |    16 |    66 |     4 ||    95
       Conjure Flame     |       |     6 |     2 |     1 ||     9
       Inner Flame       |       |     1 |     2 |       ||     3
       Sticky Flame      |       |       |    15 |     1 ||    16
  Use: Scroll            |     4 |     4 |    15 |       ||    23
       Potion            |       |     1 |       |       ||     1
 Stab: Sleeping          |     3 |       |     2 |       ||     5
  Eat: Chunk             |     3 |     1 |     8 |       ||    12
       Royal jelly       |       |     1 |       |       ||     1
       Beef jerky        |       |     1 |       |       ||     1
       Fruit             |       |       |     9 |       ||     9
       Meat ration       |       |       |     2 |       ||     2
Armor: Robe              |    15 |    14 |    41 |    12 ||    82
Dodge: Dodged            |    25 |    27 |    98 |    14 ||   164
